 Dungeon Crawl Stone Soup version 0.25.1-2-g60ff931df9 (webtiles) character file.

Game seed: 9497326571497730062

8072 hawla the Carver (level 11, -3/142 HPs)
             Began as a Minotaur Gladiator on Nov 7, 2020.
             Was an Initiate of Gozag.
             Slain by a freezing wraith (7 damage)
             ... led by a death knight
             ... on level 11 of the Dungeon.
             The game lasted 00:25:39 (10664 turns).

hawla the Carver (Minotaur Gladiator)              Turns: 10664, Time: 00:25:40

Health: -3/142     AC: 25    Str: 22    XL:     11   Next: 5%
Magic:  10/10      EV:  2    Int:  5    God:    Gozag
Gold:   1190       SH:  5    Dex: 14    Spells: 10/10 levels left

rFire    . . .     SeeInvis .   a - +0 long sword
rCold    . . .     Gourm    .   (no shield)
rNeg     + + +     Faith    .   (armour currently unavailable)
rPois    +         Spirit   .   (helmet currently unavailable)
rElec    .         Reflect  +   (cloak currently unavailable)
rCorr    .         Harm     .   (gloves currently unavailable)
MR       .....     NoTele   +   (boots currently unavailable)
Stlth    +++.......             K - amulet of reflection
HPRegen  0.33/turn              (no ring)
MPRegen  0.12/turn              (no ring)

@: mighty, tree-form, slowed, very slow
A: (retaliatory headbutt), thin skeletal structure 1, blurry vision 1
a: Potion Petition, Call Merchant, Bribe Branch, Renounce Religion


You were on level 11 of the Dungeon.
You worshipped Gozag.
Gozag was most pleased with you.
You were very hungry.
You were a tree.
You visited 2 branches of the dungeon, and saw 12 of its levels.
You also visited: Ossuary and Bailey.

You collected 2354 gold pieces.
You spent 1117 gold pieces at shops.
You paid 47 gold pieces to Gozag.

Inventory:

Hand Weapons
 a - a +0 long sword (weapon)
 m - a +3 dagger of venom
Missiles
 d - 5 throwing nets
 e - 3 boomerangs (quivered)
 o - 63 poisoned darts
 s - 3 atropa-tipped darts
 C - 3 javelins
Armour
 b - a +0 leather armour
 c - a +0 hat (melded)
 k - a +0 pair of gloves (melded)
 v - the +2 pair of boots of Okawaru's Indignation (melded) {-Tele rC+ Regen+}
   (You bought it in a shop on level 7 of the Dungeon)

   It protects you from cold.
   It prevents most forms of teleportation.
   It increases your rate of regeneration.
 w - a +4 chain mail of fire resistance
 x - a +1 chain mail of cold resistance
 B - a +1 robe of the Archmagi
 I - +0 swamp dragon scales (melded)
Jewellery
 t - an uncursed amulet of guardian spirit
 G - the ring of Hufaegg {rPois rF+ Int-5 SInv Stlth+}
   (You bought it in a shop on level 11 of the Dungeon)

   [ring of stealth]

   It affects your intelligence (-5).
   It protects you from fire.
   It protects you from poison.
   It lets you see invisible.
   It makes you more stealthy.
 K - an amulet of reflection (around neck)
Wands
 u - a wand of disintegration (9)
 J - a wand of polymorph (8)
Scrolls
 l - 2 scrolls of magic mapping
 q - a scroll of remove curse
 y - a scroll of enchant weapon
Potions
 g - 2 potions of might
 h - 3 potions of lignification
 i - 5 potions of curing
 n - 5 potions of flight
 p - 2 potions of ambrosia
 r - a potion of stabbing
 D - 3 potions of haste {unknown}
 E - 2 potions of berserk rage {unknown}
 F - 5 potions of brilliance {unknown}
 H - a potion of cancellation
Miscellaneous
 j - a phial of floods
 z - a phantom mirror
Comestibles
 f - 16 rations


   Skills:
 + Level 8.3 Fighting
 + Level 4.4(7.9) Short Blades
 + Level 11.0(11.4) Long Blades
 + Level 5.5 Throwing
 + Level 6.7 Armour
 * Level 10.5 Dodging
 - Level 2.7 Stealth


You had 10 spell levels left.
You didn't know any spells.
Your spell library was empty.

Dungeon Overview and Level Annotations

Branches:
Dungeon (11/15)            Temple (1/1) D:6            Lair (0/6) D:10
Ossuary (visited)          Bailey (visited)
    Orc: D:9-12

Altars:
Cheibriados
Elyvilon
Fedhas
Gozag
Nemelex Xobeh
Qazlal
Sif Muna
Trog
Uskayaw
Vehumet
Xom
Yredelemnul
Zin
The Shining One
Beogh

Shops:
D:4 *   D:7 [   D:11 =

Annotations:
D:3 1 runed translucent door, Crazy Yiuf


Innate Abilities, Weirdness & Mutations

((You reflexively headbutt those who attack you in melee.))
((You have a pair of horns on your head.))
You have a somewhat thin skeletal structure. (Dex +2, Stealth)
Scrolls take you a little longer to read.


Message History

The wraith hits you but does no damage.
The death knight hits you from afar with a +3 halberd.
* * * LOW HITPOINT WARNING * * *
You feel much better. The freezing wraith hits you.
* * * LOW HITPOINT WARNING * * *
The freezing wraith freezes you!
* * * LOW HITPOINT WARNING * * *
You block the freezing wraith's attack. The wraith hits you.
* * * LOW HITPOINT WARNING * * *
The wraith drains your vigour!
You feel as though you will be slow longer.
The death knight hits you but does no damage.
The freezing wraith completely misses you. x2
The wraith hits you.
* * * LOW HITPOINT WARNING * * *
You feel very mighty all of a sudden. You block the death knight's attack.
You block the freezing wraith's attack. The freezing wraith hits you!
You die...
Your body crumbles into a pile of gold.

.#...........#
∩..#####.....#
.##....#.....###########
.##....#.)..............
.....###))..............
.....#.)................
.....#..................
))...#.................#
.)...#.........#♣######
.....#..#####..#WW......
.....#..# #..#Wp......
.....#..# #..#W.......
.....##.# #..#........
......#. #..#........
........ ...#########
.#.#.#.... ....
.......... ....


You could see a death knight, a freezing wraith and 3 wraiths.

Vanquished Creatures
  An orc knight (Bailey)
  An ugly thing (D:11)
  Maggie (D:8)
  A troll (D:10)
  Prince Ribbit (D:7)
  2 yaks (D:10)
  2 wraiths
  A human (D:10)
  2 wyverns (D:9)
  2 hungry ghosts
  2 hogs (D:10)
  Menkaure (D:7)
  Duvessa (D:7)
  3 sky beasts
  A hornet zombie (D:10)
  A black bear (D:6)
  11 orc warriors
  A phantom (D:7)
  4 ice beasts
  A centaur (D:6)
  A crocodile (D:9)
  5 ogres
  A bullfrog (D:7)
  Blork the orc (D:6)
  Dowan (D:7)
  3 killer bees (D:8)
  5 howler monkeys
  4 crimson imps
  2 centaur zombies
  A bullfrog zombie (D:6)
  4 hounds
  3 jellies
  9 orc priests
  2 centaur skeletons (D:10)
  A gnoll shaman (D:5)
  7 orc wizards
  A bullfrog skeleton (D:4)
  5 iguanas
  8 worker ants
  A hound zombie (D:6)
  8 mummies (Ossuary)
  A worker ant zombie (D:5)
  14 adders
  5 gnolls
  A howler monkey skeleton (D:6)
  3 shadow imps
  2 oozes
  An adder zombie (D:10)
  A worm (D:2)
  A dart slug (D:1)
  3 leopard geckos
  37 orcs
  10 bats
  A giant cockroach (D:2)
  9 hobgoblins
  33 jackals
  5 kobolds
  2 quokkas
  10 frilled lizards
  4 goblins
  A hobgoblin zombie (Ossuary)
  2 kobold zombies (Ossuary)
  5 orc zombies (Ossuary)
  A quokka zombie (D:9)
  4 rats
  2 demonic plants (Temple)
271 creatures vanquished.

Notes
Turn   | Place    | Note
-------+----------+-------------------------------------------
     0 | D:1      | hawla the Minotaur Gladiator began the quest for the Orb.
     0 | D:1      | Reached XP level 1. HP: 18/18 MP: 0/0
   148 | D:1      | Reached XP level 2. HP: 25/25 MP: 1/1
   254 | D:1      | Reached skill level 4 in Long Blades
   461 | D:1      | Reached XP level 3. HP: 30/30 MP: 2/2
  1071 | D:2      | Found a faded altar of an unknown god.
  1137 | D:2      | Reached skill level 1 in Armour
  1137 | D:2      | Reached XP level 4. HP: 19/37 MP: 3/3
  1819 | D:3      | Found a stormy altar of Qazlal.
  1821 | D:3      | Noticed an earth elemental
  1822 | D:3      | Noticed a water elemental
  1822 | D:3      | Noticed an air elemental
  1822 | D:3      | Noticed a fire elemental
  2058 | D:3      | Reached XP level 5. HP: 37/45 MP: 4/4
  2309 | D:3      | Reached skill level 5 in Long Blades
  2357 | D:3      | Found a runed translucent door.
  2358 | D:3      | Noticed Crazy Yiuf
  2639 | D:4      | Noticed an ogre
  2644 | D:4      | Killed an ogre
  2644 | D:4      | Reached skill level 5 in Dodging
  2895 | D:4      | Noticed an ogre
  2907 | D:4      | Killed an ogre
  2907 | D:4      | Reached XP level 6. HP: 44/51 MP: 5/5
  3416 | D:4      | Found an opulent altar of Gozag.
  3417 | D:4      | Found Gozag's Platinum Reserve.
  3438 | D:4      | Reached skill level 6 in Long Blades
  3478 | D:4      | Became a worshipper of Gozag Ym Sagoz the Greedy
  3681 | D:5      | Entered Level 5 of the Dungeon
  3689 | D:5      | Reached XP level 7. HP: 56/58 MP: 6/6
  3744 | D:5      | Found a white marble altar of Elyvilon.
  4272 | D:5      | Reached skill level 1 in Short Blades
  4434 | D:5      | Reached skill level 7 in Long Blades
  4659 | D:5      | Reached XP level 8. HP: 44/67 MP: 7/7
  4883 | D:5      | Found a blossoming altar of Fedhas.
  5146 | D:6      | Gained mutation: Scrolls take you a little longer to read.
                  | [potion of mutation]
  5146 | D:6      | Gained mutation: You have a somewhat thin skeletal
                  | structure. (Dex +2, Stealth) [potion of mutation]
  5303 | D:6      | Reached skill level 1 in Stealth
  5511 | D:6      | Found a staircase to the Ecumenical Temple.
  5525 | D:6      | Reached skill level 5 in Fighting
  5822 | D:6      | Noticed Blork the orc
  5831 | D:6      | Killed Blork the orc
  6330 | D:6      | Found an opulent altar of Gozag.
  6331 | D:6      | Found a glowing silver altar of Zin.
  6489 | D:7      | Found Xuiz's Antique Armour Emporium.
  6496 | D:7      | Bought a pair of bloodstained boots for 180 gold pieces
  6496 | D:7      | Bought a shiny chain mail for 142 gold pieces
  6496 | D:7      | Bought a runed chain mail for 142 gold pieces
  6528 | D:6      | Identified the +2 pair of boots of Okawaru's Indignation
                  | {-Tele rC+ Regen+} (You bought it in a shop on level 7 of
                  | the Dungeon)
  6567 | D:7      | Noticed Prince Ribbit
  6608 | D:7      | Killed Prince Ribbit
  6608 | D:7      | Reached XP level 9. HP: 62/75 MP: 8/8
  6699 | D:7      | Found a glowing golden altar of the Shining One.
  6699 | D:7      | Found a shimmering blue altar of Sif Muna.
  6716 | D:7      | Found a snail-covered altar of Cheibriados.
  6718 | D:7      | Found a basalt altar of Yredelemnul.
  6720 | D:7      | Found a shimmering altar of Xom.
  6772 | D:7      | Noticed Menkaure
  6774 | D:7      | Killed Menkaure
  6774 | D:7      | Reached skill level 8 in Long Blades
  6820 | D:7      | Noticed Duvessa
  6821 | D:7      | Noticed Dowan
  6834 | D:7      | Killed Duvessa
  6845 | D:7      | Killed Dowan
  7147 | D:8      | Found a sand-covered staircase.
  7161 | Ossuary  | Entered an ossuary
  7194 | Ossuary  | Reached skill level 5 in Armour
  7608 | D:8      | Noticed Maggie
  7624 | D:8      | Killed Maggie
  7624 | D:8      | Reached skill level 9 in Long Blades
  8355 | Temple   | Entered the Ecumenical Temple
  8616 | D:9      | Reached XP level 10. HP: 69/86 MP: 6/9
  8881 | D:9      | Found a bloodstained altar of Trog.
  8979 | D:9      | Found a radiant altar of Vehumet.
  8999 | D:9      | Found a hide-covered altar of Uskayaw.
  9031 | D:9      | Found a sparkling altar of Nemelex Xobeh.
  9209 | D:10     | Entered Level 10 of the Dungeon
  9209 | D:10     | Found a staircase to the Lair.
  9268 | D:10     | Found a flagged portal.
  9298 | D:10     | Reached skill level 10 in Long Blades
  9313 | Bailey   | Entered a bailey
  9313 | Bailey   | Noticed an orc knight
  9470 | Bailey   | Killed an orc knight
  9506 | Bailey   | Reached skill level 10 in Dodging
  9754 | D:10     | Reached skill level 5 in Throwing
 10297 | D:11     | Found a roughly hewn altar of Beogh.
 10367 | D:11     | Noticed a green ugly thing
 10385 | D:11     | Killed a green ugly thing
 10385 | D:11     | Reached XP level 11. HP: 64/94 MP: 8/10
 10550 | D:11     | Found Hueg's Jewellery Shop.
 10597 | D:11     | Bought the ring of Hufaegg {rPois rF+ Int-5 SInv Stlth+}
                  | for 323 gold pieces
 10597 | D:11     | Bought an uncursed amulet of reflection for 330 gold pieces
 10623 | D:11     | Reached skill level 11 in Long Blades
 10645 | D:11     | Noticed a death knight
 10661 | D:11     | HP: 2/142 [death knight/+3 halberd (13)]
 10664 | D:11     | Slain by a freezing wraith

Illustrated notes

Levels and vault maps discovered:
D:1:      minmay_arrival_shattered_statue, layout_loops_ring
D:2:      layout_basic, chequers_ecumenical_altar_lobes
D:3:      layout_rooms, nicolae_qazlal_style_of_elements,
          uniq_crazy_yiuf_cottage
D:4:      layout_cave_pods, nicolae_gozag_zags_fifth_avenue
D:5:      layout_basic, kennysheep_mini, elyvilon_altar_5, first_ration,
          kennysheep_nondescript, kennysheep_generic_room_9
D:6:      layout_loops_ring, grunt_temple_overflow_gold_and_silver,
          minmay_temple_entry_glass, kennysheep_generic_room_15,
          uniq_blork_the_orc
D:7:      layout_cave_pools, chequers_temple_overflow_minitemple, serial_shops,
          nicolae_shop_overgrown_old_shop, uniq_prince_ribbit1, uniq_menkaure,
          uniq_duvessa
D:8:      layout_gridville, lightli_ossuary_entry_decrepit_ruins, uniq_maggie
D:9:      layout_roguey, nicolae_overflow_quartered_altars
D:10:     layout_cave_pools, lair_entry_dummy, enter_bailey_2, grunt_livestock
D:11:     layout_irregular_city, serial_shops, nicolae_shop_crystal,
          serial_glass, glass_columns_b, glass_columns_c,
          david_defended_altar_orc, uniq_fannar, uniq_harold
Temple:   kb_corrupted_temple

Skill      XL: |  1  2  3  4  5  6  7  8  9 10 11 |
---------------+----------------------------------+-----
Dodging        | 4 5 7 8 9 10 | 10.5
Long Blades    | 4 5 6 7 9 10 11 | 11.0
Armour         | 1 2 3 4 5 6 |  6.7
Fighting       | 3 4 5 7 8 |  8.3
Short Blades   | 2 4 |  4.4
Stealth        | 1 2 |  2.7
Throwing       | 5 |  5.5

Action                   |  1- 3 |  4- 6 |  7- 9 | 10-12 || total
-------------------------+-------+-------+-------+-------++-------
Melee: Long sword        |    56 |   105 |   232 |   251 ||   644
       Headbutt          |    10 |    23 |    98 |    72 ||   203
       Dagger            |       |     4 |   165 |       ||   169
Throw: Boomerang         |       |       |     7 |   116 ||   123
Evoke: Wand              |       |       |     2 |     1 ||     3
  Use: Scroll            |     6 |     5 |    10 |     4 ||    25
       Potion            |       |     2 |     1 |     5 ||     8
 Stab: Distracted        |       |       |     2 |     1 ||     3
       Sleeping          |       |       |     2 |     4 ||     6
  Eat: Chunk             |     1 |     8 |       |       ||     9
       Ration            |       |       |     6 |     2 ||     8
Armor: Leather armour    |    13 |    25 |    26 |       ||    64
       Chain mail        |       |       |    50 |       ||    50
       Swamp dragon scal |       |       |    14 |    84 ||    98
       Skin              |       |       |       |    10 ||    10
Dodge: Dodged            |    69 |   102 |   240 |   191 ||   602
Block: Other             |       |       |       |    14 ||    14
       Rpst.: Long sword |    16 |    24 |    39 |    44 ||   123
